Cogmind - Beta 14 @@@ ROGUE MODE // 2024.11.23 @ 15:20:35 Player: Fangrelle Result: Destroyed by as-20568 with Assembled Rifle Performance ------------- Evolutions (0) 0 Regions Visited (2) 400 Robots Destroyed (11) 55 Value Destroyed (170) 170 Prototype IDs (0) 0 Alien Tech Used (0) 0 Bonus (0) 0 TOTAL SCORE: 625 Bonus ------- None Cogmind --------- Core Integrity 0/250 Matter 242/300 Energy 76/100 System Corruption 4% Temperature Cool (0) Movement Treading (480) Ox4 Location -10/Mines Parts ------- > --- POWER (1) -------- (None) > --- PROPULSION (2) --- Light Treads > --- UTILITY (2) ------ Small Storage Unit Huge Storage Unit > --- WEAPON (2) ------- Light Cannon Light Cannon > --- INVENTORY (25) --- Sensor Array Hacking Suite EM Pulse Gun EM Pulse Gun Light Assault Rifle Light Cannon Light Cannon Mining Laser Peak State ------------ > --- POWER ------------ Ion Engine > --- PROPULSION ------- Light Treads Light Treads > --- UTILITY ---------- Small Storage Unit Huge Storage Unit > --- WEAPON ----------- Light Cannon Light Cannon > --- INVENTORY -------- Hacking Suite EM Pulse Gun EM Pulse Gun Light Assault Rifle Light Cannon Light Cannon Grenade Launcher Grenade Launcher [Rating: 8] Favorites ----------- Power Ion Engine Engine Ion Engine Propulsion Light Treads Treads Light Treads Leg Aluminum Leg Utility Small Storage Unit Storage Small Storage Unit Weapon Light Cannon Energy Gun EM Pulse Gun Ballistic Gun Light Assault Rifle Ballistic Cannon Light Cannon Launcher Grenade Launcher Build | -11 -10 -10 ------- Run | Yrd Mat Min Slots Evolved . | . . . Power . | . . . Propulsion . | . . . Utility . | . . . Weapon . | . . . Parts Attached 11 | . 7 4 Power . | . . . Engine . | . . . Core . | . . . Reactor . | . . . Propulsion 2 | . 2 . Treads 2 | . 2 . Leg . | . . . Wheel . | . . . Hover . | . . . Flight . | . . . Utility 1 | . 1 . Device . | . . . Storage 1 | . 1 . Processor . | . . . Hackware . | . . . Protection . | . . . Artifact . | . . . Weapon 8 | . 4 4 Energy Gun 2 | . 2 . Energy Cannon . | . . . Ballistic Gun . | . . . Ballistic Cannon 4 | . 2 2 Launcher 2 | . . 2 Special Weapon . | . . . Impact Weapon . | . . . Slashing Weapon . | . . . Piercing Weapon . | . . . Special Melee Weapon . | . . . Unidentified Prototypes . | . . . Parts Lost 4 | . . 4 Power 1 | . . 1 Propulsion 1 | . . 1 Utility . | . . . Weapon 2 | . . 2 Highest Loss Streak 4 | . . 4 To Critical Strikes . | . . . Average Slot Usage (%) 97 | . 88 100 Engine 14 | . 14 14 Treads 28 | . 28 28 Storage 26 | . 17 28 Energy Gun 1 | . 5 . Ballistic Cannon 26 | . 20 27 Peak Build Rating 8 | . 8 8 Average Rating 7 | . 6 7 On Entrance 6 | 6 6 8 Naked Turns . | . . . Heaviest Build 96 | 12 96 96 Greatest Support 40 | 20 40 40 Greatest Overweight (x) 2 | . 2 2 Average Overweight (x) 1 | . . 2 Largest Inventory Capacity 25 | . 25 25 Average Capacity 22 | . 11 25 Most Carried 10 | . 9 10 Average Carried 9 | . 7 9 Final Capacity 25 | 8 25 25 Final Carried 9 | 6 9 8 Class Distribution -------------------- 100% | Mutant Dominant Class ---------------- Mutant | -10/Materials Mutant | -10/Mines Resources | -11 -10 -10 ----------- Run | Yrd Mat Min Matter Collected 406 | 200 8 198 Remotely . | . . . Salvage Created 223 | . 152 71 Parts 21 | . 11 10 Haulers Intercepted . | . . . Recyclers Shooed . | . . . Parts Field Recycled . | . . . Retrieved Matter . | . . . Parts Self-Destructed . | . . . Prevented . | . . . Kills | -11 -10 -10 ------- Run | Yrd Mat Min Combat Hostiles Destroyed 13 | . 2 11 Cannons 8 | . 2 6 AOE 5 | . . 5 Classes Destroyed 6 | . 4 2 Recycler 1 | . 1 . Operator 1 | . 1 . Watcher 1 | . 1 . Swarmer 5 | . . 5 Grunt 2 | . 2 . Assembled 5 | . . 5 Best Kill Streak 5 | . 4 5 Combat Bots Only 5 | . 2 5 Max Kills in Single Turn 5 | . 1 5 Gunslinging . | . . . Exploded 5 | . . 5 Melee . | . . . Uniques/NPCs Destroyed 1 | . . 1 YI-UF0 (-10/Mines) Combat | -11 -10 -10 -------- Run | Yrd Mat Min Hostile Shots Fired 42 | . 9 33 Missed 11 | . 4 7 Damage Taken 1007 | . 73 934 Core 251 | . 47 204 Absorbed by Shields . | . . . Core Remaining (%) 100 | 100 . . Volleys Fired 20 | . 9 11 Largest 2 | . 2 2 Hottest 70 | . 70 70 Shots Fired 39 | . 18 21 Gun . | . . . Cannon 36 | . 18 18 Launcher 3 | . . 3 Special . | . . . Kinetic 36 | . 18 18 Thermal . | . . . Explosive 3 | . . 3 Electromagnetic . | . . . Robot Hit Streak 5 | . 2 5 Robot Miss Streak 3 | . 3 2 Penetration Max . | . . . Secondary Targets . | . . . Shots Hit Robots 20 | . 9 11 Core Hits 22 | . 6 16 Critical Kills . | . . . Critical Parts Destroyed . | . . . Critical Strikes 3 | . 1 2 Blast 3 | . 1 2 Melee Attacks . | . . . Impact . | . . . Slashing . | . . . Piercing . | . . . Sneak Attacks . | . . . Combat Hostiles . | . . . Follow-up Attacks . | . . . Damage Inflicted 652 | . 196 456 Guns . | . . . Cannons 380 | . 196 184 Explosions 272 | . . 272 Melee . | . . . Ramming . | . . . Kinetic 380 | . 196 184 Thermal . | . . . Explosive 272 | . . 272 Electromagnetic . | . . . Impact . | . . . Slashing . | . . . Piercing . | . . . Highest Corruption 4 | . . 4 Average Corruption 4 | . . 4 Corruption Purged . | . . . Corruption Blocked . | . . . Overload Shots . | . . . Overflow Damage . | . . . Projectiles . | . . . Explosions . | . . . Melee . | . . . Knockbacks 5 | . 2 3 Impact . | . . . Kinetic 5 | . 2 3 Secondary . | . . . Self-Inflicted Damage 24 | . . 24 Shots 1 | . . 1 Rammed . | . . . Targets Rammed . | . . . Kicked . | . . . Crushed . | . . . Highest Temperature 96 | . 96 27 Average Temperature 31 | . 46 11 Received Heat Transfer 42 | . 42 . Siege Activations . | . . . Robots Corrupted . | . . . Combat Hostiles . | . . . Parts Fried . | . . . Impact Corruptions . | . . . Robots Melted . | . . . Combat Hostiles . | . . . Parts Melted . | . . . Heat Transferred . | . . . Parts Sabotaged . | . . . Parts Stolen . | . . . Parts Stripped . | . . . Power Chain Reactions . | . . . Alert | -11 -10 -10 ------- Run | Yrd Mat Min Peak Influence 103 | . 87 103 Initial 33 | . . 33 Average 20 | . 35 16 Maximum Alert Level . | . . . Low Security (%) 100 | . 100 100 Level 1 . | . . . Level 2 . | . . . Level 3 . | . . . Level 4 . | . . . Level 5 . | . . . High Security . | . . . Max Security . | . . . Squads Dispatched . | . . . Investigation . | . . . Extermination . | . . . Reinforcement . | . . . Assault . | . . . Garrison . | . . . Intercept . | . . . Searches Triggered . | . . . Construction Impeded . | . . . Haulers Reinforced . | . . . Active Scanning Responses . | . . . Cargo Convoy Interrupts . | . . . Stealth | -11 -10 -10 --------- Run | Yrd Mat Min Distress Signals . | . . . Communications Jammed . | . . . Distress Signals . | . . . Times Spotted 23 | . 4 19 Peak Tracking Total 8 | . 2 8 Tactical Retreats 1 | . . 1 Traps | -11 -10 -10 ------- Run | Yrd Mat Min Traps Triggered . | . . . Indirectly . | . . . Trap Hack Attempts . | . . . Triggered . | . . . Disarmed . | . . . Reprogrammed . | . . . Reused . | . . . Traps Extracted . | . . . Installed . | . . . Triggered . | . . . Machines | -11 -10 -10 ---------- Run | Yrd Mat Min Machines Disabled . | . . . Max in Single Turn . | . . . Machines Repaired . | . . . Machines Dismantled . | . . . Machines Sabotaged . | . . . Overloaded Fab Kills . | . . . Hacking | -11 -10 -10 --------- Run | Yrd Mat Min Machines Accessed 2 | . 2 . Terminals 2 | . 2 . Fabricators . | . . . Repair Stations . | . . . Recycling Units . | . . . Scanalyzers . | . . . Garrison Access . | . . . Total Hacks 6 | . 6 . Successful 3 | . 3 . Failed 3 | . 3 . Catastrophic . | . . . Database Lockouts . | . . . Manual 7 | . 7 . Terminals 6 | . 6 . Fabricators . | . . . Repair Stations . | . . . Recycling Units . | . . . Scanalyzers . | . . . Garrison Access . | . . . Terminal Hacks 2 | . 2 . Robot Analysis 2 | . 2 . Fabricator Hacks . | . . . Repair Station Hacks . | . . . Recycling Unit Hacks . | . . . Scanalyzer . | . . . Garrison Access Hacks . | . . . Unauthorized Hacks 1 | . 1 . Terminals 1 | . 1 . Botnet 1 | . 1 . Fabricators . | . . . Repair Stations . | . . . Recycling Units . | . . . Scanalyzers . | . . . Garrison Access . | . . . Data Cores Recovered 1 | . 1 . Used 1 | . 1 . Hacking Detections 2 | . 2 . Full Trace Events . | . . . Feedback Events . | . . . Feedback Blocked . | . . . Robot Schematics Acquired . | . . . Robots Built . | . . . Authchips . | . . . Time . | . . . Total Robot Build Rating . | . . . Part Schematics Acquired . | . . . Parts Built . | . . . Authchips . | . . . Time . | . . . Total Part Build Rating . | . . . Parts Repaired . | . . . Time . | . . . Parts Recycled . | . . . Recycled Matter . | . . . Retrieved Matter . | . . . Retrieved Components . | . . . Parts Scanalyzed . | . . . Part Schematics Acquired . | . . . Parts Damaged . | . . . Bothacking | -11 -10 -10 ------------ Run | Yrd Mat Min Used RIF Installer . | . . . Robots Hacked . | . . . Non-combat . | . . . Combat . | . . . Robot Hacks Applied . | . . . Relay Couplers Released . | . . . Fabnet Peak Effective % . | . . . Robots Rewired . | . . . Allies Hacked . | . . . Hacks Repelled . | . . . Allies | -11 -10 -10 -------- Run | Yrd Mat Min Total Allies . | . . . Largest Group . | . . . Highest-Rated Group . | . . . Highest-Rated Ally . | . . . Total Orders . | . . . Ally Attacks . | . . . Total Damage . | . . . Kills . | . . . Allies Corrupted . | . . . Allies Melted . | . . . Intel | -11 -10 -10 ------- Run | Yrd Mat Min Robot Analysis Total 2 | . 2 . Derelict Logs Recovered 1 | . . 1 Drone Launches . | . . . Drone Recoveries . | . . . Exploration | -11 -10 -10 ------------- Run | Yrd Mat Min Turns Passed 1816 | . 330 1486 Spaces Moved 598 | 1 147 450 Core . | . . . Treads 597 | . 147 450 Legs 1 | 1 . . Wheels . | . . . Hover . | . . . Flight . | . . . Fastest Speed 120 | 120 160 320 Average Speed 286 | 120 185 320 Slowest Speed 320 | 120 320 320 Overloaded Moves . | . . . Propulsion Burnouts . | . . . Robots Hopped . | . . . Cave-ins Triggered 1 | . . 1 Exploration Rate (%) 39 | 2 25 90 Regions Visited 2 Branch Regions 1 Pre-discovered Areas . | . . . Known Exits Taken . | . . . Unknown Exits Taken 2 | 1 1 . Scrap Searched 2 | . . 2 Spaces Dug . | . . . Terrain Destroyed 14 | . . 14 Melee . | . . . Projectile . | . . . AOE 14 | . . 14 Terrain Rammed . | . . . Walls Destroyed . | . . . Machines Disabled . | . . . Actions | -11 -10 -10 --------- Run | Yrd Mat Min Total 667 | . 192 475 Wait 18 | . 9 9 Move 596 | . 146 450 Hop . | . . . Pick Up 10 | . 9 1 Fast Attach 5 | . 5 . Attach 4 | . 2 2 Detach 2 | . 2 . Swap 2 | . . 2 Drop 10 | . 10 . Fire 20 | . 9 11 Melee . | . . . Ram . | . . . Kick . | . . . Crush . | . . . Escape Stasis . | . . . Rewire . | . . . Trap . | . . . Miscellaneous . | . . . Route ------- -11/Scrapyard -10/Materials -10/Mines (discovered 2 exits: [*Mat x2]) History --------- Turn | Location | Event 1 | -11/Scrapyard | Discovered new exit (range 0) 1 | -11/Scrapyard | Entered Materials 221 | -10/Materials | Discovered new exit (range 9) 317 | -10/Materials | Build established: Mutant 331 | -10/Materials | Entered Mines 1441 | -10/Mines | Discovered new exit (range 14) 1486 | -10/Mines | Destroyed YI-UF0 1524 | -10/Mines | Discovered new exit (range 12) 1790 | -10/Mines | Assembled infested the area 1816 | -10/Mines | Crushed by falling debris 1816 | -10/Mines | Core integrity fell below 50% 1816 | -10/Mines | Core integrity fell below 20% 1817 | -10/Mines | Destroyed by as-20568 with Assembled Rifle Last Messages --------------- 01790_ ALERT: Infestation in the mines, dispatching Demolisher response squad. 01805_ as-43474 destroyed. 01805_ as-55465 destroyed. 01805_ as-20975 destroyed. 01805_ as-95689 destroyed. 01805_ as-32641 destroyed. 01807_ C-30 ARC bursts open, deploying its payload. 01807_ D-53 Grenadier unfolds itself. 01809_ as-11817 destroyed. 01811_ as-75207 destroyed. 01811_ Grenade Launcher destroyed. 01813_ The unstable cave ceiling collapses. 01813_ Grenade Launcher destroyed. 01813_ Ion Engine destroyed. 01815_ D-53 Grenadier Cmb. Airjet blasted off. 01815_ D-53 Grenadier knocked back. 01816_ The unstable cave ceiling collapses. 01816_ Crushed by falling debris. 01816_ Lgt. Treads destroyed. 01816_ System corrupted by crushing effect (+4). Map ----- +----------------------------------------------------+ | #???????????????????????????????? | | #???????????????????????????????? | | """ #???????????????????????????????? | | """ #???????????????????????????????? | | """ #???????????????????????????????? | | #???????????????????????????????? | | """ #???????????????????????????????? | | """ #???????????????????????????????? | | """ #???????????????????????????????? | | = #?????? ????????????????????????? | | #####? ??"""???????????aa???????????? | | #????# """????????? a ???????????? | | #?### """ ??? #????# ????? | | ### #???? ??## ????? | | #?????????? ## ?????? | | # #??#???????? ?????? | | ## ##? #???????## % ??????? | | ?# # # ## ????????# %% ??????? | | ## !% ?????????# % #??????? | | ## # ## #?????????? #??????? | | # # # #??????????? ##?????? | | #?# # #??????????## ##????? | | ??# #?????????## #????? | | ??# #?????????# ##????? | | ??# ##????????# #????? | | ??# #??######## @ #????? | | ?## ### # ## ##????? | | ?# ## ### ## #?????? | | ?# # # # # ###??? | | ## # ## =d #??? | | # # # # ### # d #??? | | # # # ##% # #??? | | # ## # < ## ###### ##?? | | # = ## ###### ##? | | # # % ### ## #? | | # # #? | | ### =%| # #? | | # #!*= ### #? | | # ####### #?## ##? | | *# # #### ##? | | %= ### # #? | | !# ### #? | | ## # ##? | | ### ## # # ##?? | | # ## ## ## ### #####??? | | # # ## # # # ## # #?????? | | # # # # ## ## * ###?????? | | =%# ### # #### < = ###???????? | | ## != ### ### #?????????? | | ##? # # # % | # #??????? | +----------------------------------------------------+ Best States ------------- Heat Dissipation 25 Energy Generation 10 Energy Capacity 250 Matter Stores 300 Matter Capacity 300 Sight Range 16 Terrain Scan Density 10 Evasion (%) 40 Recoil Reduction 2 Item Schematics ----------------- None Robot Schematics ------------------ None Fabricated ------------ Nothing Alien Tech Used ----------------- None Achievements -------------- None Challenges ------------ None Game ------ Seed AbsorptionSpliceSheargun Manual? 0 Play Time 00:06:46 Cumulative 128.6 hours Start 2024.11.23 @ 15:07:06 End 2024.11.23 @ 15:20:35 Sessions 1 Manual Loads 0 Difficulty Rogue Special Mode None Game No. 241 Rogue 241 Adventurer 0 Explorer 0 Win Type - Total 0 Types 0/0/0/0/0/0/0/0/0 Lore% 43 Gallery% 40 Achievement% 36 Wizard Run 0 Options --------- Layout 0 ASCII 0 Keyboard 0 Movement Mouse Keybinds 0 Fullscreen 1 Font 24/Smallcaps Map View 91x25 Zoom Use 97% Tactical HUD 1 Map Filters NONE Filters NONE Steam 1 RUN: 518bd727-0b62-459c-ab53-99d6cc09c1a5